 Dungeon Crawl Stone Soup version 0.29-a0-521-g59ce8b2d47 (webtiles) character file.

Game seed: 17412090387284624039

5585 Bruhh the Cleaver (level 10, -4/93 HPs)
             Began as a Hill Orc Fighter on June 1, 2022.
             Was a Priest of the Shining One.
             Slain by a four-headed hydra (7 damage)
             ... on level 7 of the Dungeon.
             The game lasted 00:09:52 (9046 turns).

Bruhh the Cleaver (Hill Orc Fighter)                Turns: 9046, Time: 00:09:53

Health: -4/93      AC:  8    Str: 24      XL:     10   Next: 72%
Magic:  17/17      EV: 10    Int:  3 (8)  God:    the Shining One [***...]
Gold:   532        SH:  4    Dex:  9 (10) Spells: 9/9 levels left

rFire   . . .      SeeInvis .   e - +5 broad axe (flame)
rCold   . . .      Faith    .   c - +0 buckler
rNeg    + . .      Spirit   .   E - +0 ring mail "Oheveng" {Will+}
rPois   .          Reflect  .   (no helmet)
rElec   .          Harm     .   (no cloak)
rCorr   .          Rampage  .   (no gloves)
Will    +....                   r - +0 pair of boots
Stlth   ..........              (no amulet)
HPRegen 0.25/turn               (no ring)
MPRegen 0.15/turn               (no ring)

@: glowing, studying 2 skills
A: deterioration 1
a: Renounce Religion, Divine Shield, Cleansing Flame


You were on level 7 of the Dungeon.
You worshipped the Shining One.
The Shining One was most pleased with you.
You visited 1 branch of the dungeon, and saw 7 of its levels.

You collected 532 gold pieces.

Inventory:

Hand Weapons
 a - a +0 war axe
 e - a +5 broad axe of flaming (weapon)
 v - a +3 war axe of distortion
Missiles
 t - 6 poisoned darts (quivered)
Armour
 b - a +0 scale mail
 c - a +0 buckler (worn)
 r - a +0 pair of boots (worn)
 E - the +0 ring mail "Oheveng" (worn) {Will+}
   (You found it on level 6 of the Dungeon)

   Will:      It increases your willpower.
Jewellery
 A - a ring of wizardry
Wands
 f - a wand of acid (15)
 m - a wand of charming (15)
 o - a wand of flame (15)
 D - a wand of digging (1)
Scrolls
 d - a scroll of vulnerability
 i - 3 scrolls of torment
 j - a scroll of poison {unknown}
 k - a scroll of enchant weapon {unknown}
 n - a scroll of immolation {unknown}
 s - a scroll of magic mapping {unknown}
 w - a scroll of enchant armour {unknown}
 y - a scroll of teleportation
Potions
 g - a potion of ambrosia {unknown}
 h - 2 potions of magic {unknown}
 l - a potion of heal wounds {unknown}
 p - a potion of degeneration
 q - 2 potions of mutation {unknown}
 u - a potion of curing
 x - 2 potions of attraction {unknown}
 z - a potion of flight {unknown}
 B - a potion of berserk rage {unknown}
 C - 2 potions of haste {unknown}
 F - a potion of might


   Skills:
 + Level 10.3 Fighting
 + Level 12.2 Axes
 + Level 7.5 Armour
 - Level 3.2 Shields
 - Level 10.0 Invocations


You had 9 spell levels left.
You didn't know any spells.
Your spell library contained the following spells:

 Spells                   Type           Power      Damage    Failure   Level
 Gell's Gravitas          Tloc           0%         N/A       98%         3
 Ignite Poison            Fire/Tmut/Pois 0%         N/A       98%         3
 Lesser Beckoning         Tloc           0%         N/A       98%         3
 Mephitic Cloud           Conj/Pois/Air  0%         N/A       98%         3
 Summon Guardian Golem    Hex/Summ       0%         N/A       98%         3
 Teleport Other           Tloc           0%         N/A       98%         3
 Freezing Cloud           Conj/Ice/Air   0%         6-21      100%        5
 Orb of Destruction       Conj           0%         9d5       100%        7
 Spellforged Servitor     Conj/Summ      0%         N/A       100%        7


Dungeon Overview and Level Annotations

Branches:
Dungeon (7/15)             Temple (0/1) D:5

Altars:
Ashenzari
Hepliaklqana
Makhleb
Nemelex Xobeh
Uskayaw
Vehumet
The Shining One


Innate Abilities, Weirdness & Mutations

Your body sometimes deteriorates upon taking damage.


Message History

The centaur shoots an arrow.
The arrow barely misses you.
You see here a +0 robe.
You chop one of the seven-headed hydra's heads off!
The flame cauterises the wound!
You hit the six-headed hydra. You burn the six-headed hydra.
The six-headed hydra is lightly wounded.
The six-headed hydra bites you!
Your body deteriorates!
You feel clumsy. The six-headed hydra bites you!
The six-headed hydra closely misses you.
The six-headed hydra bites you but does no damage.
The six-headed hydra bites you! The six-headed hydra barely misses you.
You hack one of the six-headed hydra's heads off!
The flame cauterises the wound!
You slice the five-headed hydra!! You burn the five-headed hydra.
The five-headed hydra is heavily wounded.
The five-headed hydra bites you! The five-headed hydra bites you.
The five-headed hydra bites you but does no damage.
The five-headed hydra barely misses you.
The five-headed hydra bites you!
You are too injured to fight recklessly!
You hack one of the five-headed hydra's heads off!
The flame cauterises the wound!
You slice the four-headed hydra!! You burn the four-headed hydra!
The four-headed hydra is almost dead.
The four-headed hydra bites you!
* * * LOW HITPOINT WARNING * * *
The four-headed hydra bites you!
* * * LOW HITPOINT WARNING * * *
The four-headed hydra closely misses you.
The four-headed hydra barely misses you.
Unknown command.
You feel better. The four-headed hydra bites you!
* * * LOW HITPOINT WARNING * * *
The four-headed hydra bites you.
* * * LOW HITPOINT WARNING * * *
The four-headed hydra bites you!
* * * LOW HITPOINT WARNING * * *
The four-headed hydra bites you!
You die... ♣♣.♣♣#.♣.♣.# #....# #... #♣.♣.♣#♣.♣.♣# #.#.## #... #.♣♣♣.#(♣.♣.# #...##### #... #♣.♣.♣#♣)♣.♣##+## #.......# #... ♣♣.♣♣#.♣.♣.# ..# #.......# #... ##♣'♣##♣.♣.♣# Yc#

#.......###... #..<..#♣♣.♣♣###Y#
#.#.≈P.≈##.... +..8..')..)...#D#
#.#≈≈≈.≈♣#....
#..>..#♣♣.♣♣#.#@###.≈≈≈≈.≈≈♣....
##♣'♣##♣.♣.♣#.#..##.♣≈P≈.≈≈≈♣...
.... #.♣.♣.#.#..##.♣≈≈≈.≈≈≈♣###
#.♣.♣ #♣.♣.♣#.##'##.≈≈≈≈.≈≈≈≈#
#.♣.♣ #.♣.♣.#.....#.♣PPP.≈P≈≈# #
♣♣ #♣.♣.♣#.♣♣♣.#.#≈♣≈.≈≈P≈#
#.♣.♣.#.....# #≈♣≈.≈P≈##
############# #♣♣≈.≈≈≈# ♣≈.≈≈≈#


You could see a four-headed hydra, 2 ice beasts and a centaur.

Vanquished Creatures
  A manticore (D:7)
  Grinder (D:5)
  A golden eye (shapeshifter) (D:7)
  7 yaks
  A steam dragon (D:6)
  A vampire mosquito (D:5)
  2 water moccasins
  An acid dragon (D:6)
  2 orc warriors
  2 sky beasts (D:7)
  An ice beast (D:5)
  A black bear (D:7)
  2 ogres
  4 centaurs
  2 phantoms
  A bullfrog (D:6)
  4 scorpions
  A necrophage (D:7)
  A wight (D:6)
  9 killer bees
  An electric eel (D:7)
  2 howler monkeys
  4 jellies
  5 hounds
  5 orc priests
  Crazy Yiuf (D:6)
  Natasha (thrice) (D:2)
  7 iguanas
  3 orc wizards
  9 adders
  5 gnolls (D:5)
  3 shadow imps (D:6)
  2 white imps
  5 ufetubi
  A worm (D:5)
  A dart slug (D:5)
  26 orcs
  10 ball pythons
  3 bats
  10 endoplasms
  3 giant cockroaches
  3 goblins
  4 hobgoblins
  16 jackals
  5 kobolds
  5 quokkas
  3 frilled lizards
  7 rats
197 creatures vanquished.

Vanquished Creatures (others)
  68 plants (D:7)
68 creatures vanquished.

Grand Total: 265 creatures vanquished

Notes
Turn   | Place    | Note
-------+----------+-------------------------------------------
     0 | D:1      | Bruhh the Hill Orc Fighter began the quest for the Orb.
     0 | D:1      | Reached XP level 1. HP: 19/19 MP: 1/1
    74 | D:1      | Reached skill level 3 in Axes
   150 | D:1      | Reached XP level 2. HP: 16/26 MP: 2/2
   355 | D:1      | Reached skill level 4 in Axes
   639 | D:1      | Found a faded altar of an unknown god.
   666 | D:1      | Reached XP level 3. HP: 30/31 MP: 3/3
  1125 | D:2      | Found a glowing golden altar of the Shining One.
  1162 | D:2      | Became a worshipper of the Shining One
  1225 | D:2      | Reached skill level 5 in Axes
  1325 | D:2      | Reached XP level 4. HP: 17/39 MP: 4/4
  1326 | D:2      | Reached skill level 6 in Axes
  1576 | D:2      | Noticed Natasha
  1585 | D:2      | Killed Natasha
  1586 | D:2      | Reached XP level 5. HP: 37/45 MP: 5/5
  1839 | D:2      | Noticed Natasha
  1847 | D:2      | Killed Natasha
  1848 | D:2      | Reached skill level 7 in Axes
  1851 | D:2      | Noticed Natasha
  1860 | D:2      | Killed Natasha
  2528 | D:3      | Found a burning altar of Makhleb.
  2873 | D:3      | Reached skill level 8 in Axes
  2873 | D:3      | Reached XP level 6. HP: 51/51 MP: 6/6
  3046 | D:4      | You fall into a shaft and drop 1 floor!
  3046 | D:5      | Entered Level 5 of the Dungeon
  3186 | D:4      | Found a broken altar of Ashenzari.
  3715 | D:4      | Reached * piety under the Shining One
  3734 | D:4      | Reached XP level 7. HP: 42/60 MP: 7/7
  3916 | D:4      | Found a hazy altar of Hepliaklqana.
  3996 | D:4      | Reached skill level 5 in Fighting
  3996 | D:4      | Reached skill level 9 in Axes
  4115 | D:4      | Found a sparkling altar of Nemelex Xobeh.
  4716 | D:5      | Found a staircase to the Ecumenical Temple.
  5002 | D:5      | Noticed a yak
  5007 | D:5      | Noticed a yak
  5007 | D:5      | Noticed a yak
  5013 | D:5      | Identified a scroll of acquirement
  5017 | D:5      | Banished a yak
  5019 | D:5      | Reached skill level 10 in Axes
  5045 | D:5      | Killed a yak
  5046 | D:5      | Reached XP level 8. HP: 72/73 MP: 8/8
  5052 | D:5      | Killed a yak
  5139 | D:5      | Acquired a +5 broad axe of flaming
  5145 | D:5      | Gained mutation: Your body sometimes deteriorates upon
                  | taking damage. [mutagenic glow]
  5330 | D:5      | Found a radiant altar of Vehumet.
  5367 | D:5      | Reached skill level 1 in Invocations
  5591 | D:5      | Reached XP level 9. HP: 56/83 MP: 11/11
  5845 | D:5      | Noticed Grinder
  5846 | D:5      | Paralysed by Grinder for 4 turns
  5854 | D:5      | Paralysed by Grinder for 5 turns
  5859 | D:5      | Killed Grinder
  5860 | D:5      | Reached skill level 11 in Axes
  5860 | D:5      | Reached skill level 5 in Invocations
  6014 | D:5      | Identified the +7 long sword of Capital Punishment {vorpal,
                  | *Corrode Fly rN++ Str+3}
  6044 | D:5      | Reached ** piety under the Shining One
  6580 | D:6      | Reached skill level 10 in Fighting
  6719 | D:6      | Reached skill level 12 in Axes
  7198 | D:6      | Reached *** piety under the Shining One
  7204 | D:6      | Identified the +0 ring mail "Oheveng" {Will+}
  7534 | D:6      | Found a runed translucent door.
  7535 | D:6      | Noticed Crazy Yiuf
  7655 | D:6      | Killed Crazy Yiuf
  7679 | D:7      | Noticed a +0 dagger
  7679 | D:7      | Noticed a +0 dagger
  7684 | D:7      | Found a hide-covered altar of Uskayaw.
  7695 | D:7      | Reached XP level 10. HP: 91/93 MP: 16/16
  8231 | D:7      | Reached skill level 5 in Armour
  8248 | D:7      | Reached skill level 10 in Invocations
  8836 | D:7      | Noticed a manticore
  8841 | D:7      | Killed a manticore
  9040 | D:7      | Noticed a seven-headed hydra
  9046 | D:7      | HP: 3/93 [four-headed hydra (9)]
  9046 | D:7      | Slain by a four-headed hydra

Illustrated notes

Levels and vault maps discovered:
D:1:      dpeg_arrival_boxorama, layout_basic,
          shapermc_ecumenical_altar_mp_ritualfount
D:2:      layout_loops_corners, basic_altar, uniq_natasha
D:3:      layout_loops_ring, nicolae_overflow_hidden_temple
D:4:      layout_layer_cave, lemuel_doored_altar,
          mainiacjoe_overflow_catwalk_spiral, kennysheep_windowed_goal
D:5:      wander_river, layout_cave_pods, general_overflow_altar,
          minmay_temple_entry_from_below_a, minmay_manual_moon, uniq_grinder
D:6:      minmay_inner_zag, layout_cave_pools, minmay_manual_monstrance,
          uniq_crazy_yiuf_cottage
D:7:      nzn_winding_woodlands_stair_cross
          [nzn_winding_woodlands_5x15_sawtooth,
          nzn_winding_woodlands_center_lodge,
          nzn_winding_woodlands_5x15_split_checker,
          nzn_winding_woodlands_5x5_closed_star,
          nzn_winding_woodlands_5x5_three, nzn_winding_woodlands_5x15_crooked,
          nzn_winding_woodlands_center_garden,
          nzn_winding_woodlands_5x15_lazy_stream], layout_basic,
          dancing_weapons_uskayaw, serial_bayou, serial_bayou_ford_a,
          serial_bayou_pond_c, serial_bayou_shore_a, serial_bayou_lagoon_b,
          chequers_big_river, st_stairs_10, nicolae_wooded_promenade

Skill      XL: |  1  2  3  4  5  6  7  8  9 10 |
---------------+-------------------------------+-----
Axes           | 3 4 5 6 8 10 12 | 12.2
Fighting       | 4 7 9 10 | 10.3
Invocations    | 3 8 10 | 10.0
Armour         | 7 |  7.5
Shields        | |  3.2

Action                   |  1- 3 |  4- 6 |  7- 9 | 10-12 || total
-------------------------+-------+-------+-------+-------++-------
Melee: War axe           |    85 |   131 |    54 |       ||   270
       Broad axe         |       |       |   134 |    85 ||   219
  Use: Potion            |     1 |       |     1 |     2 ||     4
       Scroll            |       |       |     6 |     2 ||     8
Armor: Scale mail        |    36 |    43 |    74 |       ||   153
       Ring mail         |       |       |     2 |    26 ||    28
Dodge: Dodged            |    48 |    45 |    79 |    60 ||   232
Block: Buckler           |    19 |    29 |    42 |    11 ||   101

Table legend: (Time is in decaauts)
 A = Elapsed time spent in this place.
 B = Non-inter-level travel time spent in this place.
 C = Inter-level travel time spent in this place.
 D = Time resting spent in this place.
 E = Time spent auto-exploring this place.
 F = Levels seen in this place.
 G = Mean time per level.
                   A        B        C        D        E       F      G
               +--------+--------+--------+--------+--------+-----+--------+
         Total |   9163 |   8975 |    188 |    288 |   7367 |   7 | 1309.0 |
       Dungeon |   9163 |   8975 |    188 |    288 |   7367 |   7 | 1309.0 |
               +--------+--------+--------+--------+--------+-----+--------+

Top non-repeatable levels by time:
     D:5: 1785 daAuts
     D:4: 1593 daAuts
     D:7: 1381 daAuts
     D:6: 1373 daAuts
     D:2: 1154 daAuts
     D:1: 1148 daAuts
     D:3: 727 daAuts
